3AAA
FLORIDA MEN @ PENNSAUKEN FLYERS
05/28/2038
 
TOP OF THE 1ST
Florida Men batting - Pitching for Pennsauken Flyers : RHP Ralph Haggerty
Pitching: RHP Ralph Haggerty
Batting: RHB Matsudaira Sugahara 0-0: Ball
1-0: Swinging Strike
1-1: Called Strike
1-2: SINGLE (Line Drive, 8LS, EV 91.9 MPH)
Batting: RHB César Guerra 0-0: Foul Ball, location: 2F
0-1: Ball
Wild Pitch!
Matsudaira Sugahara to second
1-1: Swinging Strike
1-2: Foul Ball, location: 2F
1-2: Ball
2-2: Foul Ball, location: 2F
2-2: SINGLE (Groundball, 3D, EV 96.9 MPH)
Matsudaira Sugahara to third
Batting: LHB Jim Halpert 0-0: Called Strike
0-1: Fly out, F7 (Flyball, 7, EV 78.1 MPH)
Runner from 3rd tags up, SCORES, no throw by LF
Batting: LHB Charles Godard 0-0: Fly out, F5 (Popup, 5F, EV 71.2 MPH)
Batting: SHB Arend van der Veen 0-0: Ball
1-0: Foul Ball, location: 2F
1-1: Foul Ball, location: 2F
1-2: Foul Ball, location: 2F
1-2: Ground out 1-3 (Groundball, 15, EV 88.8 MPH)
Top of the 1st over - 1 run, 2 hits, 0 errors, 1 left on base; Florida 1 - Pennsauken 0
BOTTOM OF THE 1ST
Pennsauken Flyers batting - Pitching for Florida Men : RHP Pancho Covarrubias
Pitching: RHP Pancho Covarrubias
Batting: RHB Arturo Annunziato 0-0: Foul Ball, location: 2F
0-1: Called Strike
0-2: Ball
1-2: Ground out 4-3 (Groundball, 4, EV 89.4 MPH)
Batting: RHB Carl Herbert 0-0: Called Strike
0-1: Ground out 5-3 (Groundball, 56S, EV 91.9 MPH)
Batting: LHB Sandor Addicks 0-0: Called Strike
0-1: Foul Ball, location: 2F
0-2: Ball
1-2: SINGLE (Groundball, 6D, EV 94.4 MPH)
Batting: LHB Michael Cochran 0-0: Called Strike
0-1: Ball
1-1: Swinging Strike
1-2: Foul Ball, location: 2F
1-2: SINGLE (Groundball, 6D, EV 99.4 MPH)
Sandor Addicks to second
Batting: LHB Dana Waldrip 0-0: Called Strike
0-1: Ball
1-1: Foul Ball, location: 2F
1-2: Foul Ball, location: 2F
1-2: Ball
2-2: DOUBLE (Groundball, 3L, EV 95.6 MPH)
Sandor Addicks scores
Michael Cochran to third
Runner from 3rd tries for Home, SAFE, no throw by RF
Batting: RHB Raúl Moreno 0-0: Called Strike
0-1: Foul Ball, location: 2F
0-2: Foul Ball, location: 2F
0-2: Strikes out swinging
Bottom of the 1st over - 2 runs, 3 hits, 0 errors, 1 left on base; Florida 1 - Pennsauken 2
TOP OF THE 2ND
Florida Men batting - Pitching for Pennsauken Flyers : RHP Ralph Haggerty
Batting: RHB Tristan Eikelenboom 0-0: Called Strike
0-1: Ground out 5-3 (Groundball, 56S, EV 80.0 MPH)
Batting: LHB Duncan Witteman 0-0: Ball
1-0: Ball
2-0: Called Strike
2-1: Fly out, F9 (Flyball, 9LM, EV 86.2 MPH)
Batting: LHB Jacques Viceronte 0-0: Ball
1-0: Ball
2-0: Foul Ball, location: 2F
2-1: Fly out, F7 (Flyball, 7LDF, EV 102.5 MPH)
Top of the 2nd over - 0 runs, 0 hits, 0 errors, 0 left on base; Florida 1 - Pennsauken 2
BOTTOM OF THE 2ND
Pennsauken Flyers batting - Pitching for Florida Men : RHP Pancho Covarrubias
Batting: LHB Jorge Ortíz 0-0: Ball
1-0: Foul Ball, location: 2F
1-1: Foul Ball, location: 2F
1-2: Strikes out swinging
Batting: RHB Sixto Estrada 0-0: SINGLE (Groundball, 4MD, EV 107.5 MPH)
Batting: RHB Tomás Gonzáles 0-0: Ball
1-0: Ball
2-0: Ball
3-0: Base on Balls
Sixto Estrada to second
Batting: RHB Arturo Annunziato 0-0: Fly out, F6 (Popup, 6, EV 77.5 MPH)
Batting: RHB Carl Herbert 0-0: Ball
1-0: Ball
2-0: Fly out, F8 (Flyball, 8LM, EV 86.2 MPH)
Bottom of the 2nd over - 0 runs, 1 hit, 0 errors, 2 left on base; Florida 1 - Pennsauken 2
TOP OF THE 3RD
Florida Men batting - Pitching for Pennsauken Flyers : RHP Ralph Haggerty
Batting: RHB Marcos Alfaro 0-0: Fly out, F8 (Line Drive, 8RD, EV 86.9 MPH)
Batting: RHB Matsudaira Sugahara 0-0: Ball
1-0: Ball
2-0: Called Strike
2-1: Ball
3-1: Swinging Strike
3-2: Foul Ball, location: 2F
3-2: Strikes out swinging
Batting: RHB César Guerra 0-0: Fly out, F7 (Flyball, 7, EV 96.9 MPH)
Top of the 3rd over - 0 runs, 0 hits, 0 errors, 0 left on base; Florida 1 - Pennsauken 2
BOTTOM OF THE 3RD
Pennsauken Flyers batting - Pitching for Florida Men : RHP Pancho Covarrubias
Batting: LHB Sandor Addicks 0-0: Fly out, F8 (Line Drive, 8RM, EV 94.4 MPH)
Batting: LHB Michael Cochran 0-0: Ball
1-0: Called Strike
1-1: Ground out 6-3 (Groundball, 6M, EV 82.5 MPH)
Batting: LHB Dana Waldrip 0-0: Ball
1-0: Ball
2-0: Ball
3-0: Base on Balls
Batting: RHB Raúl Moreno 0-0: Ball
1-0: Called Strike
1-1: Fielders Choice at 2nd, 6-4 (Groundball, 6, EV 84.4 MPH)
Bottom of the 3rd over - 0 runs, 0 hits, 0 errors, 1 left on base; Florida 1 - Pennsauken 2
TOP OF THE 4TH
Florida Men batting - Pitching for Pennsauken Flyers : RHP Ralph Haggerty
Batting: LHB Jim Halpert 0-0: Foul Ball, location: 2F
0-1: Ground out 4-3 (Groundball, 4, EV 81.9 MPH)
Batting: LHB Charles Godard 0-0: Called Strike
0-1: Swinging Strike
0-2: Ground out 6-3 (Groundball, 6, EV 83.8 MPH)
Batting: SHB Arend van der Veen 0-0: Called Strike
0-1: Foul Ball, location: 2F
0-2: Foul Ball, location: 2F
0-2: Ball
1-2: Foul Ball, location: 2F
1-2: Ball
2-2: Ball
3-2: Fly out, F8 (Flyball, 8RM, EV 88.8 MPH)
Top of the 4th over - 0 runs, 0 hits, 0 errors, 0 left on base; Florida 1 - Pennsauken 2
BOTTOM OF THE 4TH
Pennsauken Flyers batting - Pitching for Florida Men : RHP Pancho Covarrubias
Batting: LHB Jorge Ortíz 0-0: Ball
1-0: Ground out 4-3 (Groundball, 4M, EV 104.4 MPH)
Batting: RHB Sixto Estrada 0-0: Ball
1-0: Fly out, F9 (Flyball, 9LM, EV 106.9 MPH)
Batting: RHB Tomás Gonzáles 0-0: Foul Ball, location: 2F
0-1: Foul Ball, location: 2F
0-2: Ball
1-2: Ball
2-2: SINGLE (Line Drive, 56, EV 100.0 MPH)
Batting: RHB Arturo Annunziato 0-0: Ball
1-0: Ball
Tomás Gonzáles is caught stealing 2nd base 2-4
Bottom of the 4th over - 0 runs, 1 hit, 0 errors, 0 left on base; Florida 1 - Pennsauken 2
TOP OF THE 5TH
Florida Men batting - Pitching for Pennsauken Flyers : RHP Ralph Haggerty
Batting: RHB Tristan Eikelenboom 0-0: Ball
1-0: Ground out 6-3 (Groundball, 6, EV 86.9 MPH)
Batting: LHB Duncan Witteman 0-0: Called Strike
0-1: Ball
1-1: Swinging Strike
1-2: Foul Ball, location: 2F
1-2: SOLO HOME RUN (Line Drive, 78XD, EV 103.1 MPH), Distance : 408 ft
Batting: LHB Jacques Viceronte 0-0: Called Strike
0-1: Ground out 4-3 (Groundball, 4M, EV 85.0 MPH)
Batting: RHB Marcos Alfaro 0-0: Ball
1-0: Ball
2-0: Ground out 5-3 (Groundball, 56, EV 82.5 MPH)
Top of the 5th over - 1 run, 1 hit, 0 errors, 0 left on base; Florida 2 - Pennsauken 2
BOTTOM OF THE 5TH
Pennsauken Flyers batting - Pitching for Florida Men : RHP Pancho Covarrubias
Batting: RHB Arturo Annunziato 0-0: Foul Ball, location: 2F
0-1: Ball
1-1: Ball
2-1: Ball
3-1: SINGLE (Groundball, 56D, EV 95.6 MPH)
Batting: RHB Carl Herbert 0-0: Ball
1-0: Fielders Choice at 2nd, 5-4 (Groundball, 56S, EV 87.5 MPH)
Batting: LHB Sandor Addicks 0-0: Called Strike
0-1: Ball
1-1: Ball
2-1: Called Strike
2-2: Foul Ball, location: 2F
2-2: Ball
3-2: Fly out, F3 (Popup, 3S, EV 77.5 MPH)
Batting: LHB Michael Cochran 0-0: Ball
1-0: Foul Ball, location: 2F
1-1: Fly out, F8 (Flyball, 8RS, EV 90.0 MPH)
Bottom of the 5th over - 0 runs, 1 hit, 0 errors, 1 left on base; Florida 2 - Pennsauken 2
TOP OF THE 6TH
Florida Men batting - Pitching for Pennsauken Flyers : RHP Ralph Haggerty
Batting: RHB Matsudaira Sugahara 0-0: Ball
1-0: Ball
2-0: SINGLE (Groundball, 34D, EV 100.6 MPH)
Batting: RHB César Guerra 0-0: Ball
1-0: Sac Bunt to 2R - play at first, batter OUT! 2-4
Matsudaira Sugahara to second
Batting: LHB Jim Halpert 0-0: Swinging Strike
0-1: Foul Ball, location: 2F
0-2: Ball
1-2: Ground out 6-3 (Groundball, 6M, EV 100.6 MPH)
Matsudaira Sugahara to third
Batting: LHB Charles Godard 0-0: SINGLE (Groundball, 4S, EV 66.2 MPH) (infield hit)
Matsudaira Sugahara scores
Batting: SHB Arend van der Veen 0-0: Ball
1-0: SINGLE (Groundball, 34D, EV 103.8 MPH)
Charles Godard to second
Runner from 2nd tries for 3rd, SAFE, no throw by RF
Batting: RHB Tristan Eikelenboom 0-0: Swinging Strike
0-1: Foul Ball, location: 2F
0-2: Strikes out swinging
Top of the 6th over - 1 run, 3 hits, 0 errors, 2 left on base; Florida 3 - Pennsauken 2
BOTTOM OF THE 6TH
Pennsauken Flyers batting - Pitching for Florida Men : RHP Pancho Covarrubias
Batting: LHB Dana Waldrip 0-0: Foul Ball, location: 2F
0-1: Ground out U3 (Groundball, 3, EV 100.0 MPH)
Batting: RHB Raúl Moreno 0-0: Swinging Strike
0-1: Ball
1-1: Ball
2-1: Called Strike
2-2: Strikes out swinging
Batting: LHB Jorge Ortíz 0-0: Ground out 6-3 (Groundball, 6M, EV 100.0 MPH)
Bottom of the 6th over - 0 runs, 0 hits, 0 errors, 0 left on base; Florida 3 - Pennsauken 2
TOP OF THE 7TH
Florida Men batting - Pitching for Pennsauken Flyers : RHP Ralph Haggerty
Batting: LHB Duncan Witteman 0-0: Swinging Strike
0-1: Ball
1-1: Ground out 4-3 (Groundball, 4, EV 79.4 MPH)
Batting: LHB Jacques Viceronte 0-0: Ball
1-0: Called Strike
1-1: Ball
2-1: TRIPLE (Line Drive, 78XD, EV 101.2 MPH)
Batting: RHB Marcos Alfaro 0-0: Called Strike
0-1: Foul Ball, location: 2F
0-2: SINGLE (Line Drive, 78S, EV 91.2 MPH)
Jacques Viceronte scores
Pitching: LHP Ben Olsen
Batting: RHB Matsudaira Sugahara 0-0: Ball
1-0: Ball
2-0: Grounds into double play, 5-4-3 (Groundball, 56, EV 79.4 MPH)
Top of the 7th over - 1 run, 2 hits, 0 errors, 0 left on base; Florida 4 - Pennsauken 2
BOTTOM OF THE 7TH
Pennsauken Flyers batting - Pitching for Florida Men : RHP Pancho Covarrubias
Batting: RHB Sixto Estrada 0-0: Ball
1-0: Ball
2-0: Ball
3-0: Called Strike
3-1: Base on Balls
Batting: RHB Tomás Gonzáles 0-0: Swinging Strike
0-1: Bunted foul
0-2: Fielders Choice at 2nd, 1-6 (Groundball, 34S, EV 85.0 MPH)
Batting: RHB Arturo Annunziato 0-0: Fielders Choice at 2nd, 5-4 (Groundball, 56S, EV 90.0 MPH)
Batting: RHB Carl Herbert 0-0: Swinging Strike
0-1: Ball
1-1: Called Strike
1-2: Strikes out swinging
Bottom of the 7th over - 0 runs, 0 hits, 0 errors, 1 left on base; Florida 4 - Pennsauken 2
TOP OF THE 8TH
Florida Men batting - Pitching for Pennsauken Flyers : LHP Ben Olsen
Batting: RHB César Guerra 0-0: Ball
1-0: Ball
2-0: Called Strike
2-1: Ground out 4-3 (Groundball, 4, EV 110.0 MPH)
Batting: LHB Jim Halpert 0-0: Ball
1-0: Ground out 5-3 (Groundball, 56, EV 86.2 MPH)
Batting: LHB Charles Godard 0-0: Called Strike
0-1: SINGLE (Line Drive, 9S, EV 93.8 MPH)
Batting: SHB Arend van der Veen 0-0: Called Strike
0-1: Fly out, F3 (Popup, 23F, EV 93.1 MPH)
Top of the 8th over - 0 runs, 1 hit, 0 errors, 1 left on base; Florida 4 - Pennsauken 2
BOTTOM OF THE 8TH
Pennsauken Flyers batting - Pitching for Florida Men : RHP Pancho Covarrubias
Batting: LHB Sandor Addicks 0-0: Ball
1-0: Fly out, F9 (Flyball, 89S, EV 93.1 MPH)
Pitching: RHP Manny Benavides
Batting: LHB Michael Cochran 0-0: Ball
1-0: Ball
2-0: Foul Ball, location: 2F
2-1: Fly out, F4 (Line Drive, 4, EV 63.8 MPH)
Batting: LHB Dana Waldrip 0-0: Called Strike
0-1: Ball
1-1: Swinging Strike
1-2: Foul Ball, location: 2F
1-2: Ground out 5-3 (Groundball, 56, EV 91.2 MPH)
Bottom of the 8th over - 0 runs, 0 hits, 0 errors, 0 left on base; Florida 4 - Pennsauken 2
TOP OF THE 9TH
Florida Men batting - Pitching for Pennsauken Flyers : LHP Ben Olsen
Batting: RHB Tristan Eikelenboom 0-0: Ball
1-0: Swinging Strike
1-1: Ball
2-1: Fly out, F8 (Flyball, 8RM, EV 90.6 MPH)
Batting: LHB Duncan Witteman 0-0: Foul Ball, location: 2F
0-1: Fly out, F9 (Flyball, 89S, EV 95.6 MPH)
Batting: LHB Jacques Viceronte 0-0: Swinging Strike
0-1: Called Strike
0-2: Foul Ball, location: 2F
0-2: Strikes out swinging
Top of the 9th over - 0 runs, 0 hits, 0 errors, 0 left on base; Florida 4 - Pennsauken 2
BOTTOM OF THE 9TH
Pennsauken Flyers batting - Pitching for Florida Men : RHP Manny Benavides
Now in LF: Basava Puri
Batting: RHB Raúl Moreno 0-0: Called Strike
0-1: Swinging Strike
0-2: Ball
1-2: Strikes out swinging
Batting: LHB Jorge Ortíz 0-0: Ball
1-0: Swinging Strike
1-1: Ball
2-1: SINGLE (Groundball, 4D, EV 107.5 MPH)
Pinch Hitting: LHB Arana Sashi 0-0: Ball
1-0: Foul Ball, location: 2F
1-1: Ball
2-1: Ball
3-1: Grounds into double play, 6-4-3 (Groundball, 6, EV 81.2 MPH)
Bottom of the 9th over - 0 runs, 1 hit, 0 errors, 0 left on base; Florida 4 - Pennsauken 2
Friday, April 17th, 2020 - OOTP Baseball 20.8 Build 74